 Dungeon Sprint DCSS version 0.17-a0-1646-geb1493d (webtiles) character file.

8500000 nuthulu the Axe Maniac (level 27, -7/320 (323) HPs)
             Began as a Troll Monk on Aug 11, 2015.
             Was the Champion of Makhleb.
             Mangled by a meat beast (25 damage)
             ... in the Dungeon (Sprint VIII: "Arena of Blood").
             The game lasted 00:02:24 (85 turns).

nuthulu the Axe Maniac (Troll Monk)                   Turns: 85, Time: 00:02:25

HP:   -7/320 (323)  AC:  7    Str: 27    XL:     27
MP:   27/53         EV: 33    Int:  6    God:    Makhleb [******]
Gold: 0             SH:  0    Dex: 21    Spells: 0 memorised, 80 levels left

rFire  . . .     SeeInvis .     i - +∞ Axe of Woe
rCold  . . .     Clarity  .     a - +0 robe
rNeg   . . .     SustAt   .     (no shield)
rPois  .         Gourm    +     (helmet restricted)
rElec  .         Spirit   .     (no cloak)
rCorr  .         Warding  .     (gloves unavailable)
rMut   .         NoTele   +     (boots unavailable)
MR     ++...                    (no amulet)
Stlth  +++++++...               (no ring)
                                (no ring)

@: non-regenerating, mildly diseased, very resistant to hostile enchantments,
extremely stealthy
A: unfitting armour, claws 3, fast metabolism 3, gourmand, regeneration 2,
shaggy fur 1, tough skin 2
a: Minor Destruction, Lesser Servant of Makhleb, Major Destruction, Greater
Servant of Makhleb, Renounce Religion


You were in the Dungeon.
You worshipped Makhleb.
Makhleb was exalted by your worship.
You were not hungry.

You visited 1 branch

Inventory:

Hand weapons
 i - the +∞ Axe of Woe (weapon)
   (You found it in the Dungeon)
Armour
 a - a +0 robe (worn)
Scrolls
 h - a scroll of blinking
Potions
 c - a potion of curing
 d - a potion of heal wounds
 e - a potion of haste
 f - 2 potions of magic
 g - a potion of berserk rage
Comestibles
 b - 2 bread rations


   Skills:
 O Level 27 Fighting
 O Level 27 Axes
 O Level 27 Throwing
 O Level 27 Armour
 O Level 27 Dodging
 O Level 27 Stealth
 O Level 27 Unarmed Combat
 O Level 27 Spellcasting
 O Level 27 Invocations


You had 80 spell levels left.
You didn't know any spells.

Dungeon Overview and Level Annotations

Branches:
Dungeon (1/1)

Altars:
Makhleb

Annotations:
D The Servant


Innate Abilities, Weirdness & Mutations

You are too large for most types of armour.
You have claws for hands.
Your metabolism is lightning-fast.
You like to eat raw meat.
You heal very quickly.
You are covered in fur (AC +1).
You have very tough skin (AC +2).


Message History

You hear a shout!
The dread calls on the powers of darkness!
The meat berserker convulses!
The Servant convulses!
Your body is wracked with pain!
* * * LOW HITPOINT WARNING * * *
The meat berserker convulses!
You hear a shout!
The accursed casts a spell at you. Something smites you!
* * * LOW HITPOINT WARNING * * *
An orc, an ogre and a wraith come into view.
You are engulfed in roaring flames.
* * * LOW HITPOINT WARNING * * *
The meat beast is engulfed in roaring flames.
You hear a shout!
The meat berserker is engulfed in roaring flames.
The meat beast is engulfed in roaring flames.
The meat beast hisses, "Get thee hence, thou cockered tardy-gaited tiler!"
The meat beast bites you!!
You die...

.... .. .... ..
O.. #. ..# #..
..# .###x.
.%###..
.OO..o###§C.....
..OV)§O@§§M.OM..
O.zo#X§2§§#.....
. #_§@§X# ...
#...O.# .
..o%._.%%..
..%..%###W.....
.###%% ..###.
#%. W.# #.. ..#


You could see 2 accurseds, a meat beast, The Servant, a destroyer, a sculptor of
flesh, a large bag of meat (inner flame), 2 large abominations, 2 dreads, 7 meat
berserkers and 3 bags of meat.

Vanquished Creatures
  2 hell beasts (D)
  3 greater mummies (D)
  A wraith (D)
  9 vampire knights (D)
  15 ogres (D)
  A lich (D)
  31 orcs (D)
  6 hill giants (D)
  3 skeletal warriors (D)
  3 large abominations (D)
  3 small abominations (D)
  2 crawling corpses (D)
79 creatures vanquished.

Vanquished Creatures (others)
  2 orcs (D)
2 creatures vanquished.

Grand Total: 81 creatures vanquished

Notes
Turn   | Place    | Note
--------------------------------------------------------------
     0 | D        | nuthulu the Troll Monk began the quest for the Orb.
     0 | D        | Reached XP level 1. HP: 22/22 MP: 0/0
     4 | D        | Became a worshipper of Makhleb the Destroyer
     4 | D        | Acquired Makhleb's first power
     4 | D        | Acquired Makhleb's second power
     8 | D        | Noticed a bag of meat
     9 | D        | Noticed a bag of meat
    10 | D        | Noticed a bag of meat
    12 | D        | Killed a bag of meat
    12 | D        | Reached skill level 12 in Fighting
    12 | D        | Reached XP level 2. HP: 26/50 MP: 1/1
    12 | D        | Reached XP level 3. HP: 30/58 MP: 2/2
    12 | D        | Reached XP level 4. HP: 34/67 MP: 3/3
    12 | D        | Reached XP level 5. HP: 38/75 MP: 4/4
    12 | D        | Reached XP level 6. HP: 42/84 MP: 5/5
    12 | D        | Reached XP level 7. HP: 46/92 MP: 6/6
    12 | D        | Reached XP level 8. HP: 50/101 MP: 7/7
    12 | D        | Reached XP level 9. HP: 53/109 MP: 8/8
    12 | D        | Reached XP level 10. HP: 57/118 MP: 9/9
    12 | D        | Reached XP level 11. HP: 59/124 MP: 10/10
    13 | D        | Noticed a meat berserker
    13 | D        | Killed a bag of meat
    13 | D        | Reached skill level 14 in Fighting
    13 | D        | Reached XP level 12. HP: 49/140 MP: 11/11
    13 | D        | Killed a bag of meat
    13 | D        | Acquired Makhleb's third power
    13 | D        | Reached skill level 15 in Fighting
    13 | D        | Reached skill level 15 in Axes
    13 | D        | Reached skill level 15 in Armour
    13 | D        | Reached skill level 15 in Dodging
    13 | D        | Reached XP level 13. HP: 103/152 MP: 12/12
    16 | D        | Killed a meat berserker
    16 | D        | Reached skill level 17 in Fighting
    16 | D        | Reached XP level 14. HP: 160/167 MP: 13/13
    17 | D        | Noticed a bag of meat
    17 | D        | Noticed a bag of meat
    18 | D        | Noticed a bag of meat
    19 | D        | Noticed a bag of meat
    21 | D        | Killed a bag of meat
    21 | D        | Acquired Makhleb's fourth power
    21 | D        | Reached skill level 18 in Fighting
    21 | D        | Reached XP level 15. HP: 174/178 MP: 14/14
    21 | D        | Killed a bag of meat
    21 | D        | Reached skill level 19 in Fighting
    22 | D        | Killed a bag of meat
    23 | D        | Noticed a meat berserker
    26 | D        | Killed a bag of meat
    26 | D        | Acquired Makhleb's fifth power
    26 | D        | Reached skill level 20 in Fighting
    26 | D        | Reached XP level 16. HP: 193/195 MP: 15/15
    26 | D        | Noticed a large bag of meat
    27 | D        | Noticed a destroyer
    27 | D        | Killed a meat berserker
    27 | D        | Reached skill level 21 in Fighting
    31 | D        | Noticed a destroyer
    31 | D        | Killed a large bag of meat
    31 | D        | Reached skill level 22 in Fighting
    31 | D        | Reached XP level 17. HP: 205/208 MP: 16/16
    33 | D        | Noticed a destroyer
    33 | D        | Killed a destroyer
    33 | D        | Reached skill level 23 in Fighting
    33 | D        | Killed a destroyer
    33 | D        | Reached skill level 24 in Fighting
    33 | D        | Reached XP level 18. HP: 221/227 MP: 17/17
    37 | D        | Noticed a large bag of meat
    37 | D        | Killed a destroyer
    37 | D        | Reached skill level 26 in Fighting
    39 | D        | Noticed a bag of meat
    39 | D        | Killed a large bag of meat
    39 | D        | Reached XP level 19. HP: 197/243 MP: 18/18
    40 | D        | Noticed a sculptor of flesh
    41 | D        | Killed a bag of meat
    42 | D        | Noticed a meat berserker
    42 | D        | Noticed a bag of meat
    44 | D        | Noticed a meat berserker
    44 | D        | Noticed a meat berserker
    46 | D        | Noticed a bag of meat
    46 | D        | Noticed a bag of meat
    46 | D        | Noticed a meat berserker
    46 | D        | Noticed a destroyer
    46 | D        | Killed a meat berserker
    46 | D        | Reached skill level 27 in Fighting
    46 | D        | Reached skill level 27 in Axes
    46 | D        | Reached skill level 27 in Armour
    46 | D        | Reached skill level 27 in Dodging
    46 | D        | Reached skill level 5 in Stealth
    46 | D        | Reached skill level 5 in Spellcasting
    47 | D        | Noticed a bag of meat
    48 | D        | Noticed a bag of meat
    48 | D        | Noticed a meat berserker
    48 | D        | Killed a meat berserker
    48 | D        | Reached XP level 20. HP: 256/256 MP: 18/31
    48 | D        | Killed a sculptor of flesh
    48 | D        | Reached skill level 10 in Stealth
    49 | D        | Noticed a meat berserker
    49 | D        | Noticed a sculptor of flesh
    50 | D        | Noticed a bag of meat
    50 | D        | Noticed a sculptor of flesh
    50 | D        | Killed a meat berserker
    50 | D        | Reached skill level 10 in Spellcasting
    50 | D        | Killed a meat berserker
    50 | D        | Killed a destroyer
    50 | D        | Reached skill level 15 in Stealth
    50 | D        | Reached XP level 21. HP: 265/265 MP: 18/37
    51 | D        | Noticed a bag of meat
    51 | D        | Noticed a bag of meat
    51 | D        | Killed a sculptor of flesh
    52 | D        | Noticed a bag of meat
    52 | D        | Killed a bag of meat
    53 | D        | Noticed a bag of meat
    53 | D        | Noticed a meat berserker
    53 | D        | Noticed a bag of meat
    53 | D        | Noticed a bag of meat
    54 | D        | Noticed a tyrant
    54 | D        | Noticed a bag of meat
    54 | D        | Killed a meat berserker
    54 | D        | Reached skill level 15 in Spellcasting
    55 | D        | Noticed a bag of meat
    55 | D        | Noticed a meat berserker
    55 | D        | Killed a meat berserker
    55 | D        | Reached XP level 22. HP: 275/275 MP: 19/41
    56 | D        | Noticed a bag of meat
    56 | D        | Noticed a destroyer
    56 | D        | Noticed a destroyer
    56 | D        | Noticed an accursed
    57 | D        | Noticed a destroyer
    57 | D        | Noticed a large bag of meat
    57 | D        | Noticed an eight-headed meat hydra
    57 | D        | Killed a bag of meat
    57 | D        | Killed a bag of meat
    58 | D        | Noticed a meat berserker
    58 | D        | Noticed a bag of meat
    58 | D        | Killed a bag of meat
    58 | D        | Killed a meat berserker
    59 | D        | Noticed a bag of meat
    60 | D        | Noticed a bag of meat
    60 | D        | Noticed a large bag of meat
    60 | D        | Killed a bag of meat
    60 | D        | Reached XP level 23. HP: 182/284 MP: 20/44
    60 | D        | Killed a bag of meat
    60 | D        | Reached skill level 27 in Unarmed Combat
    60 | D        | Killed a meat berserker
    60 | D        | Killed a destroyer
    60 | D        | Reached skill level 27 in Throwing
    60 | D        | Reached skill level 27 in Invocations
    61 | D        | Noticed a bag of meat
    61 | D        | Noticed a bag of meat
    61 | D        | Noticed a bag of meat
    62 | D        | Killed a bag of meat
    62 | D        | Noticed a bag of meat
    62 | D        | Noticed a bag of meat
    63 | D        | Noticed an accursed
    63 | D        | Killed a tyrant
    63 | D        | Killed a bag of meat
    63 | D        | Reached XP level 24. HP: 261/295 MP: 21/49
    63 | D        | Noticed a bag of meat
    64 | D        | Noticed a bag of meat
    64 | D        | Killed a bag of meat
    64 | D        | Killed a bag of meat
    64 | D        | Killed a destroyer
    64 | D        | Reached skill level 27 in Stealth
    65 | D        | Noticed a dread
    65 | D        | Noticed an accursed
    65 | D        | Killed a sculptor of flesh
    65 | D        | Killed a meat berserker
    66 | D        | Noticed a destroyer
    66 | D        | Killed a bag of meat
    67 | D        | Killed an accursed
    67 | D        | Reached skill level 27 in Spellcasting
    67 | D        | Reached XP level 25. HP: 284/303 MP: 22/53
    67 | D        | Killed a bag of meat
    67 | D        | Killed a destroyer
    68 | D        | Killed a bag of meat
    69 | D        | Noticed a dread
    69 | D        | Killed a large bag of meat
    69 | D        | Killed a bag of meat
    69 | D        | Killed a bag of meat
    70 | D        | Noticed a bag of meat
    71 | D        | Noticed a meat berserker
    71 | D        | Noticed The Servant
    71 | D        | Killed an accursed
    71 | D        | Reached XP level 26. HP: 311/311 MP: 23/53
    71 | D        | Killed a destroyer
    71 | D        | Killed a bag of meat
    71 | D        | Killed a dread
    72 | D        | Killed a large bag of meat
    72 | D        | Killed a bag of meat
    72 | D        | Killed a bag of meat
    73 | D        | Noticed a large bag of meat
    73 | D        | Noticed an accursed
    73 | D        | Killed a bag of meat
    73 | D        | Killed a bag of meat
    74 | D        | Noticed a meat berserker
    75 | D        | Noticed a meat berserker
    75 | D        | Noticed a meat berserker
    75 | D        | Killed a bag of meat
    76 | D        | Killed a meat berserker
    76 | D        | Reached XP level 27. HP: 320/320 MP: 24/53
    77 | D        | Noticed an accursed
    77 | D        | Killed a bag of meat
    77 | D        | Killed a meat berserker
    77 | D        | Noticed a meat beast
    78 | D        | Killed a meat berserker
    79 | D        | Noticed a bag of meat
    79 | D        | Noticed a large bag of meat
    79 | D        | Noticed a destroyer
    79 | D        | Killed a bag of meat
    79 | D        | Killed a bag of meat
    80 | D        | Noticed a meat berserker
    80 | D        | Noticed a large bag of meat
    81 | D        | Noticed a meat beast
    81 | D        | Killed an accursed
    81 | D        | Killed a meat berserker
    81 | D        | Killed a large bag of meat
    82 | D        | Noticed a destroyer
    82 | D        | Killed a meat beast
    83 | D        | Noticed a meat berserker
    83 | D        | Noticed a meat berserker
    83 | D        | Noticed a meat beast
    83 | D        | Noticed a meat berserker
    83 | D        | Noticed a sculptor of flesh
    83 | D        | Killed a bag of meat
    83 | D        | Killed a destroyer
    84 | D        | Noticed a dread
    84 | D        | Noticed a meat berserker
    84 | D        | Killed a meat beast
    84 | D        | Killed a large bag of meat
    85 | D        | Noticed a dread
    85 | D        | Noticed a meat berserker
    85 | D        | Noticed a bag of meat
    85 | D        | Mangled by a meat beast

Vault maps used:
D:        meatsprint

Action                   |  1- 3 |  4- 6 |  7- 9 | 10-12 | 13-15 | 16-18 | 19-21 | 22-24 | 25-27 || total
-------------------------+-------+-------+-------+-------+-------+-------+-------+-------+-------++-------
Melee: Executioner's axe |     1 |       |       |     1 |     4 |     5 |    10 |    10 |    14 ||    45
